 Dungeon Crawl Stone Soup version 0.29-a0-925-g0a7a3d12f8 (webtiles) character file.

Game seed: 17040736638459767385

6 mcwallace the Caller (level 1, -4/10 HPs)
             Began as a Deep Elf Summoner on July 28, 2022.
             Slain by a quokka (5 damage)
             ... on level 1 of the Dungeon.
             The game lasted 00:00:31 (146 turns).

mcwallace the Caller (Deep Elf Summoner)             Turns: 146, Time: 00:00:32

Health: -4/10      AC:  2    Str:  5    XL:     1   Next: 75%
Magic:  4/6        EV: 12    Int: 19    God:
Gold:   24         SH:  0    Dex: 15    Spells: 5/6 levels left

rFire   . . .      SeeInvis .   c - +0 club {mace}
rCold   . . .      Faith    .   (no shield)
rNeg    . . .      Spirit   .   a - +0 robe
rPois   .          Reflect  .   (no helmet)
rElec   .          Harm     .   (no cloak)
rCorr   .          Rampage  .   (no gloves)
Will    .....                   (no boots)
Stlth   ++........              (no amulet)
HPRegen 0.03/turn               (no ring)
MPRegen 0.10/turn               (no ring)

@: no status effects
A: no striking features
a: no special abilities


You were on level 1 of the Dungeon.
You visited 1 branch of the dungeon, and saw 1 of its levels.

You collected 24 gold pieces.


   Skills:
 + Level 2.6 Dodging
 - Level 2.4 Stealth
 + Level 3.2 Spellcasting
 + Level 4.5 Summonings


You had 5 spell levels left.
You knew the following spells:

 Your Spells              Type           Power      Damage    Failure   Level
a - Summon Small Mammal   Summ           80%        N/A       2%          1

Your spell library contained the following spells:

 Spells                   Type           Power      Damage    Failure   Level
 Call Imp                 Summ           20%        N/A       3%          2
 Call Canine Familiar     Summ           20%        N/A       7%          3
 Summon Guardian Golem    Hex/Summ       11%        N/A       17%         3
 Summon Lightning Spire   Summ/Air       11%        N/A       50%         4

Inventory:

Hand Weapons
 c - a +0 club (weapon) {mace}
   (You took it off a goblin on level 1 of the Dungeon)
Armour
 a - a +0 robe (worn)
Potions
 b - a potion of magic

Dungeon Overview and Level Annotations

Branches:
Dungeon (1/15) Zot: 5850

Altars:

.#..###..♣♣♣♣.♣♣§∩...#
###......♣. ♣. §....# .#.#
.#.###....♣ . ....### .#.# ..##
##.## ## ..... ... ..# #..#
#.###..( .. ..# ##..## ##.#.#.#
.# ..####....## ##.#.##.#####.#
....††.....###.#.....?##...##.#
#.####...#......@rr...††......#
#.# ##.##.#####......##...####
#.# #.##.. ##.#..####.## #.#
#.###.# #.#.## #.# #.# #.# .#
#.#.# #.# #.# #.# .. #.#.# #.#
#.# #.. .. ..#.# ... #.# ###
..# ###?# #.#


You could see a quokka (ally target) and a friendly quokka (summoned).


Message History

No target in view!
No target in view!
Your bat disappears in a puff of smoke!
Your quokka disappears in a puff of smoke!
A giant cockroach comes into view. 😎 MP[+3]
Your mp is fully restored (6).
A giant cockroach is nearby!
A rat comes into view.
The giant cockroach closely misses you. 😎 MP[-1]
You lost 1 mp, and now have 5/6 mp.
The giant cockroach closely misses you. 😎 MP[-1]
You lost 1 mp, and now have 4/6 mp.
Your rat disappears in a puff of smoke!
The giant cockroach barely misses you. 😎 MP[-1]
You lost 1 mp, and now have 3/6 mp.
You hit the giant cockroach but do no damage.
The giant cockroach bites you.
Your rat closely misses the giant cockroach.
The giant cockroach bites you but does no damage. 😕 HP[-1]
You take 1 damage, and now have 9/10 hp.
There are monsters nearby!
You hit the giant cockroach.
Your rat closely misses the giant cockroach.
Your rat barely misses the giant cockroach.
The giant cockroach closely misses you.
You hit the giant cockroach but do no damage.
The giant cockroach barely misses you.
Your rat misses the giant cockroach.
Your rat barely misses the giant cockroach.
The giant cockroach misses you.
There are monsters nearby!
You closely miss the giant cockroach.
Your rat closely misses the giant cockroach.
Your rat bites the giant cockroach.
The giant cockroach bites you but does no damage.
Your rat barely misses the giant cockroach.
Your rat bites the giant cockroach.
You hit the giant cockroach.
You kill the giant cockroach!
The rat completely misses your rat.
A rat is nearby!
You swap places.
A quokka comes into view.
The rat bites you.
You see here a giant cockroach corpse. 😕 HP[-1] MP[+1]
You take 1 damage, and now have 8/10 hp.
There are monsters nearby!
You hit the rat.
You kill the rat!
A quokka is nearby!
You see here a rat corpse. 😕 HP[+1]
A quokka is nearby!
A quokka is nearby!
The quokka bites you. 😮 HP[-3]
You take 3 damage, and now have 6/10 hp.
MASSIVE DAMAGE!! (PAUSE)
You swap places.
Your rat closely misses the quokka.
The quokka bites your rat but does no damage.
You swap places.
Your rat barely misses the quokka.
The quokka bites your rat.
You see here a rat corpse.
The quokka bites your rat.
Your rat dies!
Your rat's corpse disappears in a puff of smoke!
Your rat closely misses the quokka.
You see here a giant cockroach corpse.
Your rat bites the quokka.
Your rat misses the quokka. 😮 MP[+1]
You are too injured to fight recklessly!
Casting: Summon Small Mammal (safe; 2% risk of failure)
Confirm with . or Enter, or press ? or * to list all spells.
😮 MP[-1]
You lost 1 mp, and now have 4/6 mp.
Your quokka barely misses the quokka.
The quokka attacks as you move away! The quokka closely misses you.
Your quokka barely misses the quokka.
Your quokka barely misses the quokka.
You hit the quokka but do no damage.
Your rat disappears in a puff of smoke!
The quokka barely misses you.
Your quokka bites the quokka.
You closely miss the quokka. The quokka bites you.
Ouch! That really hurt!
* * * LOW HITPOINT WARNING * * *
Your quokka closely misses the quokka.
The quokka misses you. 😱 HP[-5]
You take 5 damage, and now have 1/10 hp.
MASSIVE DAMAGE!! (PAUSE)
You miss the quokka.
Your quokka closely misses the quokka.
The quokka misses you.
Your quokka completely misses the quokka.
The quokka bites you.
Ouch! That really hurt!
You die...

Action                   || total
-------------------------++-------
Melee: Club              ||    10
 Cast: Summon Small Mamm ||    10
Armor: Robe              ||     2
Dodge: Dodged            ||    11

Levels and vault maps discovered:
D:1:      heliophobic_arrival_enchanted_forest, layout_loops_ring,
          dreamdust_ecumenical_altar_statues, nicolae_eternal_life

Notes
Turn   | Place    | Note
-------+----------+-------------------------------------------
     0 | D:1      | mcwallace the Deep Elf Summoner began the quest for the
                  | Orb.
     0 | D:1      | Reached XP level 1. HP: 10/10 MP: 6/6
     0 | D:1      | magus.rc [v1.9.6]
   145 | D:1      | HP: 1/10 [quokka (5)]
   146 | D:1      | Slain by a quokka

Vanquished Creatures
  A giant cockroach (D:1)
  A rat (D:1)
2 creatures vanquished.

Vanquished Creatures (collateral kills)
  An endoplasm (D:1)
  A goblin (D:1)
  A hobgoblin (D:1)
3 creatures vanquished.

Grand Total: 5 creatures vanquished

Table legend:
 A = Non-vault XP
 B = Vault XP
 C = Vault XP percentage of total XP
 D = Non-vault monster count
 E = Vault monster count
 F = Vault count percentage of total count
                 A         B        C        D         E       F
            +---------+---------+-------+---------+---------+-------
      Total |       9 |       0 |   0.0 |       5 |       0 |   0.0
            +---------+---------+-------+---------+---------+-------
        D:1 |       9 |       0 |   0.0 |       5 |       0 |   0.0
            +---------+---------+-------+---------+---------+-------

Illustrated notes

Table legend:
 A = Kills in this place as a percentage of kills in entire the game.
 B = Kills by you in this place as a percentage of kills by you in the entire game.
 C = Kills by friends in this place as a percentage of kills by friends in the entire game.
 D = Other kills in this place as a percentage of other kills in the entire game.
 E = Experience gained in this place as a percentage of experience gained in the entire game.
 F = Experience gained in this place divided by the number of levels of this place that you have seen.
                   A       B       C       D       E      F
               +-------+-------+-------+-------+-------+----------------------
         Total | 100.0 | 100.0 | 100.0 |   N/A | 100.0 |   9.0
       Dungeon | 100.0 | 100.0 | 100.0 |   N/A | 100.0 |   9.0
               +-------+-------+-------+-------+-------+----------------------

Table legend: (Time is in decaauts)
 A = Elapsed time spent in this place.
 B = Non-inter-level travel time spent in this place.
 C = Inter-level travel time spent in this place.
 D = Time resting spent in this place.
 E = Time spent auto-exploring this place.
 F = Levels seen in this place.
 G = Mean time per level.
                   A        B        C        D        E       F      G
               +--------+--------+--------+--------+--------+-----+--------+
         Total |    148 |    148 |      0 |      0 |     90 |   1 |  148.0 |
       Dungeon |    148 |    148 |      0 |      0 |     90 |   1 |  148.0 |
               +--------+--------+--------+--------+--------+-----+--------+

Top non-repeatable levels by time:
     D:1: 148 daAuts
